 Dungeon Crawl Stone Soup version 0.26.1-11-gd32895ea62 (webtiles) character file.

Game seed: 17981955896110013098

336 Zeld the Slasher (level 6, 0/47 HPs)
             Began as a Human Gladiator on June 12, 2021.
             Succumbed to a worker ant's poison
             ... on level 4 of the Dungeon.
             The game lasted 00:04:02 (4716 turns).

Zeld the Slasher (Human Gladiator)                  Turns: 4716, Time: 00:04:02

Health: 0/47       AC:  5    Str: 16    XL:     6   Next: 84%
Magic:  5/5        EV: 11    Int:  8    God:
Gold:   134        SH:  7    Dex: 17    Spells: 5/5 levels left

rFire    . . .     SeeInvis +   a - +0 long sword
rCold    . . .     Faith    .   v - +0 kite shield (curse)
rNeg     . . .     Spirit   .   b - +0 leather armour
rPois    .         Reflect  .   (helmet restricted)
rElec    .         Harm     .   s - +0 cloak
rCorr    .         Rampage  .   (no gloves)
Will     +....                  p - +0 pair of boots
Stlth    +.........             (no amulet)
HPRegen  0.15/turn              x - ring of see invisible
MPRegen  0.09/turn              k - ring of willpower

@: brilliant, lethally poisoned (0 -> -1), attractive, flying, hasted, very
quick
A: horns 1, agile 1, low mp 1
a: no special abilities


You were on level 4 of the Dungeon.
You visited 1 branch of the dungeon, and saw 4 of its levels.

You collected 134 gold pieces.

Inventory:

Hand Weapons
 a - a +0 long sword (weapon)
Missiles
 d - 3 throwing nets (quivered)
 e - 17 stones
 h - 22 poisoned darts
Armour
 b - a +0 leather armour (worn)
 c - a +0 helmet
 p - a +0 pair of boots (worn)
 s - a +0 cloak (worn)
 v - a cursed +0 kite shield (worn)
Jewellery
 k - a ring of willpower (right hand)
 x - a ring of see invisible (left hand)
Scrolls
 g - a scroll of enchant weapon {unknown}
 l - a scroll of magic mapping {unknown}
 m - 3 scrolls of identify {unknown}
 n - a scroll of teleportation {unknown}
 o - a scroll of blinking {unknown}
 q - 4 scrolls of remove curse {unknown}
 t - a scroll of random uselessness {unknown}
 w - a scroll of noise {unknown}
Potions
 f - a potion of haste
 i - 2 potions of attraction
 j - a potion of brilliance


   Skills:
 + Level 3.1 Fighting
 * Level 4.8 Long Blades
 * Level 4.1 Throwing
 + Level 4.0 Dodging


You had 5 spell levels left.
You didn't know any spells.
Your spell library contained the following spells:

 Spells                   Type           Power        Failure   Level
 Animate Skeleton         Necr           0%           98%         1
 Apportation              Tloc           0%           98%         1
 Corona                   Hex            0%           98%         1
 Summon Small Mammal      Summ           0%           98%         1


Dungeon Overview and Level Annotations

Branches:
Dungeon (4/15)
 Temple: D:4-7

Altars:
Ashenzari
Yredelemnul

Annotations:
D:3 3 runed translucent doors, Duder's ghost, amateur MiBe; Pepete's ghost, amateur TrMo; oc3rt's ghost, amateur KoHu; phalm's ghost, amateur DsIE


Innate Abilities, Weirdness & Mutations

You have a pair of small horns on your head.
You are agile. (Dex +2)
Your magical capacity is low. (-10% MP)


Message History

There is a lethal amount of poison in your body!
There is a lethal amount of poison in your body!
Unknown command.
There is a lethal amount of poison in your body!
Unknown command.
There is a lethal amount of poison in your body!
Unknown command.
Unknown command.
* * * LOW HITPOINT WARNING * * *
You feel sick.
Unknown command.
Unknown command.
* * * LOW HITPOINT WARNING * * *
You feel sick.
Unknown command.
Unknown command.
* * * LOW HITPOINT WARNING * * *
You feel sick.
Unknown command.
You die...

...# ..# ...
####### ..#
#.....# #.#
#######.....# #.#
#...........####.#
#.#####........#.#
#@# #####..#....
#.# ##.###.. #.#
#≈.... ### #.# #.#
≈..#.# #.. #.#
$..#≈. ##.
#.##.≈!.# #.
#.#≈#.## ≈ #.
#.##b##..# #.
#.#)..≈# #.


There were no monsters in sight!

Vanquished Creatures
  A hound (D:4)
  2 orc priests (D:3)
  Crazy Yiuf (D:2)
  A worker ant (D:4)
  A howler monkey skeleton (D:3)
  An adder (D:2)
  A shadow imp (D:3)
  An ooze (D:4)
  7 worms
  2 dart slugs (D:1)
  4 leopard geckos
  8 orcs (D:3)
  2 ball pythons
  10 bats
  18 giant cockroaches
  2 gnoll zombies (D:3)
  14 hobgoblins
  11 jackals
  6 frilled lizards
  4 goblins
  17 kobolds
  A quokka skeleton (D:4)
  10 rats
125 creatures vanquished.

Vanquished Creatures (others)
  2 withered plants (D:3)
2 creatures vanquished.

Grand Total: 127 creatures vanquished

Notes
Turn   | Place    | Note
-------+----------+-------------------------------------------
     0 | D:1      | Zeld the Human Gladiator began the quest for the Orb.
     0 | D:1      | Reached XP level 1. HP: 16/16 MP: 1/1
    73 | D:1      | Reached XP level 2. HP: 21/22 MP: 2/2
   416 | D:1      | Reached XP level 3. HP: 27/27 MP: 3/3
  1428 | D:2      | Reached XP level 4. HP: 29/34 MP: 4/4
  2236 | D:2      | Reached XP level 5. HP: 37/39 MP: 5/5
  2403 | D:2      | Found a runed translucent door.
  2404 | D:2      | Noticed Crazy Yiuf
  2416 | D:2      | Killed Crazy Yiuf
  3103 | D:3      | Found a basalt altar of Yredelemnul.
  3372 | D:3      | Found a runed translucent gate.
  3373 | D:3      | Found a runed translucent gate.
  3373 | D:3      | Found a runed translucent gate.
  3373 | D:3      | Noticed phalm's ghost (amateur DsIE)
  3374 | D:3      | Noticed Pepete's ghost (amateur TrMo)
  3374 | D:3      | Noticed oc3rt's ghost (amateur KoHu)
  3377 | D:3      | Reached XP level 6. HP: 41/46 MP: 6/6
  3380 | D:3      | Noticed Duder's ghost (amateur MiBe)
  3528 | D:3      | Found a broken altar of Ashenzari.
  4680 | D:4      | Gained mutation: Your magical capacity is low. (-10% MP)
                  | [potion of mutation]
  4680 | D:4      | Gained mutation: You are agile. (Dex +2) [potion of
                  | mutation]
  4680 | D:4      | Gained mutation: You have a pair of small horns on your
                  | head. [potion of mutation]
  4693 | D:4      | HP: 2/47 [poisoned by a worker ant]
  4698 | D:4      | HP: 2/47 [poisoned by a worker ant]
  4704 | D:4      | HP: 1/47 [poisoned by a worker ant]
  4710 | D:4      | HP: 1/47 [poisoned by a worker ant]
  4716 | D:4      | Succumbed to a worker ant's poison

Illustrated notes

Levels and vault maps discovered:
D:1:      dpeg_arrival_pits, layout_basic, minmay_domino_2
D:2:      minmay_roachtagon, layout_loops_cross, uniq_crazy_yiuf_cottage
D:3:      layout_loops_ring, lemuel_zombie_altar_yredelemnul,
          cheibrodos_ashenzari_chains, gammafunk_ghost_cemetery
D:4:      cheibrodos_quashed, layout_rooms, tgw_xom,
          hangedman_decor_peaks_small, minmay_manual_monstrance

Skill      XL: |  1  2  3  4  5  6 |
---------------+-------------------+-----
Throwing       | 3 4 |  4.1
Long Blades    | 4 |  4.8
Fighting       | 3 |  3.1
Dodging        | 4 |  4.0

Action                   |  1- 3 |  4- 6 || total
-------------------------+-------+-------++-------
Melee: Long sword        |   107 |   266 ||   373
  Use: Potion            |       |     5 ||     5
 Stab: Sleeping          |     1 |     1 ||     2
Armor: Leather armour    |    38 |    87 ||   125
Dodge: Dodged            |    86 |   200 ||   286
Block: Kite shield       |       |    20 ||    20
       Rpst.: Long sword |    33 |    67 ||   100
